 Dungeon Crawl Stone Soup version 0.23.1 (webtiles) character file.

Game seed: 0

521 Fang the Skirmisher (level 7, -1/44 HPs)
             Began as a Gargoyle Berserker on Mar 8, 2019.
             Was a Priest of Trog.
             Slain by an ogre
             ... wielding a +0 giant club
              (14 damage)
             ... on level 4 of the Dungeon.
             The game lasted 00:03:49 (2569 turns).

Fang the Skirmisher (Gargoyle Berserker)            Turns: 2569, Time: 00:03:50

Health: -1/44      AC: 10    Str: 23    XL:     7   Next: 21%
Magic:  7/7        EV: 13    Int:  7    God:    Trog [***...]
Gold:   86         SH:  3    Dex: 12    Spells: 6/6 levels left

rFire    . . .     SeeInvis .   x - +0 war axe
rCold    . . .     Gourm    .   (no shield)
rNeg     + . .     Faith    .   b - +0 animal skin
rPois    ∞         Spirit   .   (no helmet)
rElec    +         Reflect  +   p - +2 cloak
rCorr    .         Harm     .   (no gloves)
MR       ++...                  (no boots)
Stlth    +.........             w - +3 amulet of reflection
HPRegen  1.14/turn              m - +3 ring of dexterity
MPRegen  0.10/turn              (no ring)

@: berserk cooldown, regenerating, slowed, very slow
A: negative energy resistance 1, electricity resistance, unbreathing,
petrification resistance, rot immunity, AC +4
a: Berserk, Trog's Hand, Renounce Religion


You were on level 4 of the Dungeon.
You worshipped Trog.
Trog was most pleased with you.
You were hungry.

You visited 2 branches of the dungeon, and saw 5 of its levels.

You collected 86 gold pieces.

Inventory:

Hand Weapons
 x - a +0 war axe (weapon)
Armour
 b - a +0 animal skin (worn)
 p - a +2 cloak (worn)
Jewellery
 m - a +3 ring of dexterity (left hand)
 w - a +3 amulet of reflection (around neck)
Wands
 v - a wand of paralysis (10)
Scrolls
 d - 3 scrolls of remove curse {unknown}
 e - 2 scrolls of enchant weapon {unknown}
 g - a scroll of enchant armour {unknown}
 h - a scroll of immolation {unknown}
 i - a scroll of blinking {unknown}
 j - 5 scrolls of identify {unknown}
 k - 2 scrolls of teleportation {unknown}
 q - 2 scrolls of amnesia {unknown}
 r - 2 scrolls of fear {unknown}
Potions
 a - a potion of agility {unknown}
 f - 2 potions of lignification {unknown}
 l - a potion of might {unknown}
 o - a potion of mutation {unknown}
 s - 2 potions of curing {unknown}
 t - a potion of heal wounds {unknown}
 u - a potion of berserk rage {unknown}
 z - a potion of cancellation {unknown}
 A - a potion of ambrosia {unknown}
Comestibles
 c - 5 rations
 n - 11 chunks of flesh


   Skills:
 + Level 5.2 Fighting
 + Level 4.2 Axes
 + Level 4.6 Armour
 + Level 3.3 Dodging


You had 6 spell levels left.
You didn't know any spells.
Your spell library was empty.

Dungeon Overview and Level Annotations

Branches:
Dungeon (4/15)             Temple (1/1) D:4

Altars:
Elyvilon
Trog
Uskayaw


Innate Abilities, Weirdness & Mutations

You are resistant to torment.
Your stone body is resilient. (AC +4)
You are immune to poison.
You resist negative energy. (rN+)
You are resistant to electric shocks. (rElec)
You can survive without breathing.
You are immune to petrification.
You are immune to rotting.


Message History

You are feeling hungry.
The ogre closely misses you. Something barely misses you.
The gnoll barely misses you. The ogre misses you.
You hear some strange, mumbled words.
A magic dart appears from out of thin air!
The magic dart hits you. The gnoll misses you. The ogre misses you.
The gnoll barely misses you. Something barely misses you.
The ogre barely misses you.
You feel less confused.
The gnoll zaps a wand.
You resist with some effort.
You hear some strange, mumbled words.
A puff of flame appears from out of thin air!
The puff of flame hits you.
* * * LOW HITPOINT WARNING * * *
Your skin crawls.
You feel resistant to hostile enchantments.
You feel somewhat more hungry. You block the gnoll's attack.
The ogre hits you with a +0 giant club!
You die...

####....#.. ####..........
#.#..$......#
###.....[†...# ####
##........).##..
....######...#....).......
.....>..#....###..g.......
...........####.O.........
..........## ##@.........
........### #..!.....#..
.........#### #........# .
............##.........#
........§...............
....÷....§..............
........§...............
....................##..
.......#..##.....


You could see an ogre and a gnoll.

Vanquished Creatures
  A bullfrog (D:4)
  A scorpion (D:4)
  A howler monkey (D:2)
  An orc priest (D:3)
  2 centaur skeletons (D:4)
  2 orc wizards (D:3)
  An iguana (D:4)
  Ijyb (D:3)
  5 adders
  2 gnolls (D:4)
  A worm (D:3)
  3 dart slugs
  6 leopard geckos
  12 orcs
  A ball python (D:2)
  3 giant cockroaches (D:1)
  7 hobgoblins
  6 jackals (D:3)
  9 kobolds
  4 bats
  9 frilled lizards
  8 goblins
  7 rats
93 creatures vanquished.

Notes
Turn   | Place    | Note
-------+----------+-------------------------------------------
     0 | D:1      | Fang the Gargoyle Berserker began the quest for the Orb.
     0 | D:1      | Reached XP level 1. HP: 14/14 MP: 1/1
    65 | D:1      | Reached XP level 2. HP: 9/19 MP: 2/2
   726 | D:1      | Reached XP level 3. HP: 23/23 MP: 3/3
  1016 | D:2      | Reached ** piety under Trog
  1462 | D:2      | Reached skill level 4 in Fighting
  1462 | D:2      | Reached XP level 4. HP: 28/29 MP: 4/4
  1699 | D:2      | Found a bloodstained altar of Trog.
  1797 | D:2      | Found a white marble altar of Elyvilon.
  1953 | D:3      | Reached XP level 5. HP: 33/33 MP: 5/5
  2023 | D:3      | Noticed Ijyb
  2055 | D:3      | Killed Ijyb
  2055 | D:3      | Reached XP level 6. HP: 39/39 MP: 6/6
  2220 | D:3      | Reached *** piety under Trog
  2344 | D:3      | Found a hide-covered altar of Uskayaw.
  2503 | D:4      | Found a staircase to the Ecumenical Temple.
  2521 | Temple   | Entered the Ecumenical Temple
  2538 | D:4      | Reached skill level 5 in Fighting
  2556 | D:4      | Reached XP level 7. HP: 44/44 MP: 7/7
  2569 | D:4      | Slain by an ogre

Skill      XL: |  1  2  3  4  5  6 |
---------------+-------------------+-----
Axes           | 3 4 |  4.2
Dodging        | 2 3 |  3.3
Fighting       | 4 5 |  5.2
Armour         | 3 4 |  4.6

Action                   |  1- 3 |  4- 6 |  7- 9 || total
-------------------------+-------+-------+-------++-------
Melee: Hand axe          |   103 |   116 |       ||   219
       War axe           |       |    42 |     5 ||    47
Invok: Berserk           |       |     3 |       ||     3
       Trog's Hand       |       |       |     1 ||     1
  Eat: Chunk             |     2 |     6 |       ||     8
Armor: Animal skin       |    48 |    74 |     6 ||   128
Dodge: Dodged            |    84 |   122 |    17 ||   223
Block: Other             |       |     7 |     2 ||     9
